 Dungeon Crawl Stone Soup version 0.17-a0-1479-g4041c36 (webtiles) character file.

168 urechis the Skirmisher (level 5, -6/50 HPs)
             Began as a Hill Orc Fighter on July 3, 2015.
             Killed by divine providence
             ... invoked by an orc priest
              (13 damage)
             ... on level 4 of the Dungeon.
             The game lasted 00:04:25 (2546 turns).

urechis the Skirmisher (Hill Orc Fighter)           Turns: 2546, Time: 00:04:27

Health: -6/50      AC:  8    Str: 19    XL:     5   Next: 48%
Magic:  5/5        EV:  7    Int:  8    God:
Gold:   160        SH:  8    Dex: 11    Spells: 0 memorised, 4 levels left

rFire  . . .     SeeInvis .     a - +0 war axe
rCold  . . .     Clarity  .     b - +0 scale mail
rNeg   . . .     SustAt   .     c - +0 shield
rPois  .         Gourm    .     (no helmet)
rElec  .         Spirit   .     o - +0 cloak
rCorr  .         Warding  .     n - +0 pair of gloves
rMut   .         Rnd*Tele +     (no boots)
MR     .....                    (no amulet)
Stlth  ..........               (no ring)
                                t - ring of teleportation (curse)

@: slowed, drained, very slow, not resistant to hostile enchantments, extremely
unstealthy
A: no striking features
a: Convert to Beogh, Evoke Teleportation


You were on level 4 of the Dungeon.
You were hungry.

You visited 1 branch of the dungeon, and saw 4 of its levels.

You collected 160 gold pieces.

Inventory:

Hand weapons
 a - a +0 war axe (weapon)
Armour
 b - a +0 scale mail (worn)
 c - a +0 shield (worn)
 n - a +0 pair of gloves (worn)
 o - a +0 cloak (worn)
Jewellery
 t - a cursed ring of teleportation (left hand)
Scrolls
 f - a scroll of teleportation {unknown}
 g - a scroll of fog {unknown}
 h - 2 scrolls of magic mapping {unknown}
 i - 8 scrolls of identify {unknown}
 j - a scroll of noise {unknown}
 k - 3 scrolls of fear {unknown}
 p - a scroll of remove curse {unknown}
 r - a scroll of recharging {unknown}
 u - a scroll of immolation {unknown}
 x - a scroll of enchant armour {unknown}
 y - 2 scrolls of blinking {unknown}
Potions
 d - a potion of might
 m - 3 potions of haste {unknown}
 v - 3 potions of flight {unknown}
 w - 2 potions of magic {unknown}
 z - a potion of heal wounds {unknown}
 A - a potion of lignification {unknown}
Books
 q - a book of Alchemy

   Spells                             Type                      Level
   a - Sublimation of Blood           Necromancy                   2
   b - Ignite Poison                  Fire/Transmutation/Poison    3
   c - Alistair's Intoxication        Transmutation/Poison         4
   d - Condensation Shield            Ice                          4
   e - Petrify                        Transmutation/Earth          4
   f - Irradiate                      Conjuration/Transmutation    5
 s - an Akashic Record

   Spells                             Type                      Level
   a - Dispersal                      Translocation                6
   b - Controlled Blink               Translocation                7
   c - Malign Gateway                 Summoning/Translocation      7
   d - Disjunction                    Translocation                8
Comestibles
 e - 4 bread rations
 l - 3 meat rations


   Skills:
 + Level 5.9(5.1) Fighting
 + Level 5.2(4.4) Axes
 - Level 3.2(2.5) Armour
 - Level 3.2(2.5) Shields


You had 4 spell levels left.
You didn't know any spells.

Dungeon Overview and Level Annotations

Branches:
Dungeon (4/15)
 Temple: D:4-7

Altars:
Kikubaaqudgha


Message History

You hit the orc wizard.
The orc wizard is heavily wounded.
You block the orc wizard's attack.
The orc wizard hits you but does no damage.
The orc priest completely misses you. You block the orc wizard's attack.
The orc priest barely misses you.
The orc wizard hits you but does no damage.
You hit the orc priest.
The orc priest is severely wounded.
You barely miss the orc wizard.
The orc wizard is heavily wounded.
The orc wizard hits you with a dagger.
* * * LOW HITPOINT WARNING * * *
The orc priest shouts, "Beogh is our master!
Accept the truth or die!"
You block the orc priest's attack.
The orc wizard hits you but does no damage.
The orc wizard barely misses you.
The orc priest mumbles some strange prayers to Beogh against you.
Something smites you!
You die...

.......####.##...
...##...#.# ..#
.#. #.........#
.## .##
#....>....# .. .#
.......!.#
####)......
..#.......%##
.>....o.o...#
......)@...#
..######.### .#
.# .. .. ... .##


You could see an orc priest and an orc wizard.

Vanquished Creatures
  4 gnolls (D:2)
  4 adders
  2 oozes
  2 worms
  2 giant geckos
  3 orcs (D:4)
  2 ball pythons
  6 giant cockroaches
  9 goblins
  9 hobgoblins
  10 bats
  5 giant newts
  4 jackals (D:1)
  9 kobolds
  6 rats
77 creatures vanquished.

Notes
Turn   | Place    | Note
--------------------------------------------------------------
     0 | D:1      | urechis the Hill Orc Fighter began the quest for the Orb.
     0 | D:1      | Reached XP level 1. HP: 19/19 MP: 1/1
    83 | D:1      | Reached XP level 2. HP: 10/27 MP: 2/2
   166 | D:1      | Reached skill level 4 in Fighting
   234 | D:1      | Reached XP level 3. HP: 10/34 MP: 3/3
  1629 | D:2      | Reached XP level 4. HP: 35/41 MP: 4/4
  1630 | D:2      | Reached skill level 5 in Fighting
  1808 | D:2      | Found an ancient bone altar of Kikubaaqudgha.
  2042 | D:3      | Reached XP level 5. HP: 42/48 MP: 5/5
  2082 | D:3      | Reached skill level 5 in Axes
  2546 | D:4      | Killed from afar by an orc priest

Vault maps used:
D:1:      dpeg_arrival_rooms_b, minmay_cupped
D:2:      lemuel_round_altar
D:4:      first_bread, serial_park_tiny_2, cheibrodos_gnoll_hut

Action                   |  1- 3 |  4- 6 || total
-------------------------+-------+-------++-------
Melee: War axe           |   140 |   116 ||   256
  Use: Potion            |     1 |       ||     1
  Eat: Chunk             |     1 |     4 ||     5
